 Dungeon Crawl Stone Soup version 0.27-a0-1149-g4505690ab0 (webtiles) character file.

Game seed: 15234477783714565616

196207 dolemite99 the Severer (level 18, -1/170 (171) HPs)
             Began as a Hill Orc Fighter on May 12, 2021.
             Was a Priest of Fedhas.
             Slain by a yaktaur (12 damage)
             ... led by a yaktaur captain
             ... on level 1 of the Vaults.
             The game lasted 01:27:23 (61883 turns).

dolemite99 the Severer (Hill Orc Fighter)          Turns: 61883, Time: 01:27:24

HP:   -1/170 (171)  AC: 26    Str: 23 (25) XL:     18   Next: 36%
MP:   26/27         EV: 11    Int:  9 (10) God:    Fedhas [***...]
Gold: 1834          SH: 15    Dex:  9 (10) Spells: 17/17 levels left

rFire    + + +     SeeInvis .   a - +1 broad axe
rCold    + + +     Faith    +   U - +2 shield of Resistance {rF++ rC++ Will++}
rNeg     . . .     Spirit   .   m - +2 plate armour {rF+}
rPois    +         Reflect  .   n - +1 helmet
rElec    +         Harm     .   N - scarf {rC+ rF+}
rCorr    .         Rampage  .   r - +2 pair of gloves
Will     +++..                  c - +1 pair of boots
Stlth    ..........             q - amulet of faith
HPRegen  0.38/turn              u - +4 ring of evasion
MPRegen  0.20/turn              O - ring "Niorhadgh" {rElec rPois rF+ Stlth+, =R}

@: mighty, lightly drained
A: no striking features
}: 1/15 runes: gossamer
a: Renounce Religion, Wall of Briars, Grow Ballistomycete


You were on level 1 of the Vaults.
You worshipped Fedhas.
Fedhas was most pleased with you.
You visited 6 branches of the dungeon, and saw 30 of its levels.
You also visited: Ice Cave.

You collected 3035 gold pieces.
You spent 1201 gold pieces at shops.

Inventory:

Hand Weapons
 a - a +1 broad axe (weapon)
 b - a +0 vorpal hand crossbow
 d - a +4 antimagic battleaxe
 h - a +3 vorpal flail
 s - a +4 battleaxe of freezing
Missiles
 j - 80 bolts
 w - a throwing net (quivered)
 C - 96 poisoned darts
 K - 12 curare-tipped darts
Armour
 c - a +1 pair of boots (worn)
 m - a +2 plate armour of fire resistance (worn)
 n - a +1 helmet (worn)
 r - a +2 pair of gloves (worn)
 N - a scarf of resistance (worn)
 U - the +2 shield of Resistance (worn) {rF++ rC++ Will++}
   (You found it on level 2 of the Swamp)

   It greatly protects you from fire.
   It greatly protects you from cold.
   It greatly increases your willpower.
Jewellery
 e - an amulet of guardian spirit
 f - a ring of protection from cold
 q - an amulet of faith (around neck)
 u - a +4 ring of evasion (left hand)
 z - a ring of magical power
 D - a ring of protection from cold
 O - the ring "Niorhadgh" (right hand) {rElec rPois rF+ Stlth+, =R}
   (You bought it in a shop on level 8 of the Dungeon)

   [ring of protection from fire]

   It protects you from fire.
   It insulates you from electricity.
   It protects you from poison.
   It makes you more stealthy.
 Q - a +4 ring of evasion
 R - a ring of ice
 S - a ring of willpower
Wands
 k - a wand of iceblast (17)
 L - a wand of digging (5)
 V - a wand of polymorph (36)
Scrolls
 p - 3 scrolls of blinking
 x - 2 scrolls of holy word
 A - 7 scrolls of vulnerability
 T - 2 scrolls of silence
 W - 5 scrolls of fog
 X - 7 scrolls of identify {@r1}
 Y - a scroll of amnesia
Potions
 g - 4 potions of cancellation
 i - a potion of haste
 o - a potion of magic
 t - 12 potions of flight
 v - 4 potions of ambrosia
 E - a potion of resistance
 F - 3 potions of mutation
 G - 3 potions of lignification
 J - 3 potions of attraction
 P - 3 potions of brilliance
 Z - 2 potions of curing
Miscellaneous
 y - a phantom mirror (inert)
 M - a lightning rod (1/4)


   Skills:
 - Level 17.8 Fighting
 - Level 19.7(20.0) Axes
 - Level 5.0(12.4) Polearms
 - Level 11.5 Crossbows
 - Level 12.9 Armour
 + Level 12.4 Shields
 - Level 13.2 Invocations
 - Level 7.3 Evocations


You had 17 spell levels left.
You didn't know any spells.
Your spell library contained the following spells:

 Spells                   Type           Power      Damage    Failure   Level
 Apportation              Tloc           0%         N/A       99%         1
 Foxfire                  Conj/Fire      0%         2x1d4     99%         1
 Freeze                   Ice            0%         1d3       99%         1
 Magic Dart               Conj           0%         1d3       99%         1
 Shock                    Conj/Air       0%         1d3       99%         1
 Summon Small Mammal      Summ           0%         N/A       99%         1
 Call Imp                 Summ           0%         N/A       100%        2
 Passwall                 Tmut/Erth      0%         N/A       100%        2
 Poisonous Vapours        Pois/Air       0%         N/A       100%        2
 Searing Ray              Conj           0%         3d3       100%        2
 Static Discharge         Conj/Air       0%         N/A       100%        2
 Call Canine Familiar     Summ           0%         N/A       100%        3
 Conjure Flame            Conj/Fire      0%         6-21      100%        3
 Dazzling Flash           Conj/Hex       0%         N/A       100%        3
 Frozen Ramparts          Ice            0%         1d2       100%        3
 Gell's Gravitas          Tloc           0%         N/A       100%        3
 Inner Flame              Hex/Fire       0%         N/A       100%        3
 Lesser Beckoning         Tloc           0%         N/A       100%        3
 Mephitic Cloud           Conj/Pois/Air  0%         N/A       100%        3
 Ozocubu's Armour         Ice            0%         N/A       100%        3
 Portal Projectile        Hex/Tloc       0%         N/A       100%        3
 Summon Guardian Golem    Hex/Summ       0%         N/A       100%        3
 Swiftness                Air            0%         N/A       100%        3
 Tukima's Dance           Hex            0%         N/A       100%        3
 Airstrike                Air            0%         N/A       100%        4
 Animate Dead             Necr           0%         N/A       100%        4
 Fulminant Prism          Conj/Hex       0%         3d6       100%        4
 Hailstorm                Conj/Ice       0%         3d3       100%        4
 Iskenderun's Mystic Bla  Conj/Tloc      0%         2d3       100%        4
 Passage of Golubria      Tloc           N/A        N/A       100%        4
 Sticky Flame             Conj/Fire      0%         2d3       100%        4
 Summon Ice Beast         Ice/Summ       0%         N/A       100%        4
 Summon Lightning Spire   Summ/Air       0%         N/A       100%        4
 Alistair's Intoxication  Tmut/Pois      0%         N/A       100%        5
 Borgnjor's Vile Clutch   Necr/Erth      0%         N/A       100%        5
 Fireball                 Conj/Fire      0%         3d3       100%        5
 Lee's Rapid Deconstruct  Erth           0%         3d5*      100%        5
 Lightning Bolt           Conj/Air       0%         1d11      100%        5
 Manifold Assault         Tloc           0%         N/A       100%        5
 Metabolic Englaciation   Hex/Ice        0%         N/A       100%        5
 Death Channel            Necr           0%         N/A       100%        6
 Dispersal                Tloc           0%         N/A       100%        6
 Freezing Cloud           Conj/Ice/Air   0%         6-21      100%        6
 Invisibility             Hex            0%         N/A       100%        6
 Simulacrum               Ice/Necr       0%         N/A       100%        6
 Disjunction              Tloc           0%         N/A       100%        8


Dungeon Overview and Level Annotations

Branches:
Dungeon (15/15)            Temple (0/1) D:4            Lair (6/6) D:8
  Swamp (2/4) Lair:4       Spider (4/4) Lair:4        Slime (0/5) Lair:6
    Orc (2/2) D:11            Elf (0/3) Orc:2        Vaults (1/5) D:13
 Depths (0/5) D:15          IceCv (visited)

Altars:
Fedhas
Qazlal
Vehumet
The Shining One
Beogh
Jiyva

Shops:
D:8 =   D:15 (   Orc:2 =([[

Annotations:
D:4 3 runed translucent doors, Spectrina's ghost, weakling DjFE
D:11 1 runed translucent door, Mels's ghost, journeyman DjCj
Lair:5 2 transporters, Pinouros's ghost, journeyman DECj


Message History

You barely miss the yaktaur.
The yaktaur is almost dead.
The lindwurm roars!
You hear a roar!
The yaktaur hits you but does no damage.
The ironbound beastmaster goads on nearby beasts.
You hit the yaktaur.
The yaktaur is almost dead.
The yaktaur shoots a bolt.
The bolt hits you!!
* * * LOW HITPOINT WARNING * * *
You block the yaktaur's attack.
You feel better.
The yaktaur shoots a bolt.
You block the bolt. You block the yaktaur's attack.
You feel better.
The yaktaur shoots a bolt.
You block the bolt.
The yaktaur hits you but does no damage.
You hit the yaktaur.
The yaktaur is almost dead.
The yaktaur shoots a bolt.
The bolt hits you!
* * * LOW HITPOINT WARNING * * *
You slice the yaktaur!!
You kill the yaktaur!
Fedhas appreciates your contribution to the ecosystem.
Your lightning rod (1/4) has regained one charge.
Okay, then.
You feel very mighty all of a sudden.
You block the ironbound beastmaster's attack.
The yaktaur unwields a +0 arbalest.
The yaktaur hits you but does no damage.
You slash the ironbound beastmaster!
The ironbound beastmaster is moderately wounded.
You slash the yaktaur!
The ironbound beastmaster hits you but does no damage.
Your plate armour prevents you from hitting the yaktaur.
The yaktaur is heavily wounded.
You slice the ironbound beastmaster!!
The lindwurm is struck by your briar patch's thorns.
The lindwurm bites your briar patch!
The lindwurm claws your briar patch but does no damage.
The lindwurm claws your briar patch. The yaktaur hits you!
You die...
Fedhas appreciates your contribution to the ecosystem.

#.........######'#####
#.........#.......#
#.........#.......#
#.........#.......#
#......>..#.......#
'.........#..>(...###
#.........#....PPk)(#
#.........#....Pcp##.#
#.........'....P@P# .#
#########'######### ..
# ##.#.## .. ##..#PP##
.( #....P(P# .
###.#P### #..#
#..[.)..# #..#
##..#..## #..# ##.#.##


You could see an ironbound beastmaster (ally target), a lindwurm and a yaktaur
(ally target).

Vanquished Creatures
  Nikola (Spider:2)
  Arachne (Spider:2)
  A tentacled monstrosity (Swamp:2)
  A frost giant (IceCv)
  3 ghost moths
  An orc warlord (Orc:2)
  9 emperor scorpions
  A vault warden (Vaults:1)
  A very ugly thing (Vaults:1)
  4 ironbound preservers
  4 entropy weavers
  A spark wasp (Spider:3)
  A bunyip (Swamp:2)
  Snorg (D:13)
  2 fire dragons
  3 yaktaur captains (Vaults:1)
  Josephine (Orc:1)
  An ettin (Vaults:1)
  Harold (D:7)
  2 ice dragons (D:15)
  15 hydras
  5 boulder beetles
  2 ghost crabs
  A catoblepas (D:14)
  2 two-headed ogres
  7 centaur warriors
  A death knight (D:13)
  10 death yaks (Lair:6)
  4 alligators
  An orc high priest (Orc:2)
  4 spriggans (Swamp:1)
  A spriggan druid (Swamp:1)
  A fire crab (Lair:6)
  3 skeletal warriors (D:12)
  A goliath frog (Swamp:1)
  5 deep trolls (Vaults:1)
  6 swamp dragons (Swamp:1)
  3 orc knights
  A necromancer (Vaults:1)
  A bog body (Swamp:2)
  2 harpies (Vaults:1)
  A deep elf pyromancer (D:13)
  9 orb spiders
  23 wolf spiders
  4 orc sorcerers
  11 ugly things
  3 cyclopes
  2 manticores
  A will-o-the-wisp (Swamp:2)
  3 moths of wrath
  7 elephants
  An ice statue (IceCv)
  2 molten gargoyles (Lair:6)
  A vault sentinel (Vaults:1)
  7 black mambas
  A gargoyle (D:11)
  2 torpor snails (Spider:3)
  5 cane toads
  3 rime drakes (Lair:5)
  3 yaktaurs (Vaults:1)
  13 demonic crawlers
  18 komodo dragons
  An efreet (D:13)
  A queen bee (shapeshifter) (D:13)
  21 jumping spiders
  3 meliai (D:13)
  4 trolls
  9 hornets
  17 polar bears
  A bloated husk (Swamp:1)
  12 tyrant leeches
  26 slime creatures
  6 dream sheep (Lair:4)
  39 redbacks
  24 blink frogs
  Sigmund (D:4)
  15 tarantellas
  A vampire (D:11)
  6 wraiths
  A wyvern (shapeshifter) (D:15)
  44 yaks
  9 wyverns
  Eustachio (D:4)
  3 basilisks
  3 steam dragons
  29 vampire mosquitoes
  3 acid dragons
  11 swamp worms
  4 wargs
  14 water moccasins
  3 hell hounds (Lair:6)
  3 swamp drakes (Swamp:1)
  30 orc warriors
  4 black bears
  5 ogres
  2 necrophages
  26 wolves
  7 boggarts
  7 centaurs
  A phantom (D:5)
  3 kobold brigands
  9 bullfrogs
  2 gnoll sergeants
  A scorpion (D:5)
  A water moccasin zombie (D:6)
  11 killer bees
  3 wights (D:8)
  8 howler monkeys
  3 electric eels
  5 lava snakes (Lair:6)
  2 centaur zombies
  17 orc priests
  A bullfrog skeleton (D:7)
  2 jellies
  21 orc wizards
  2 iguanas (D:5)
  13 hell rats
  2 killer bee zombies
  2 hound skeletons (D:5)
  A howler monkey zombie (D:9)
  Robin (D:2)
  14 gnolls
  5 adders
  A howler monkey skeleton (D:7)
  A shadow imp (D:6)
  2 white imps
  An ufetubus (D:6)
  A worm (D:4)
  4 dart slugs
  84 orcs
  3 bats
  5 endoplasms
  3 giant cockroaches
  14 goblins
  16 hobgoblins
  26 kobolds
  7 quokkas
  7 ball pythons
  5 frilled lizards
  6 rats
  3 ballistomycete spores
951 creatures vanquished.

Vanquished Creatures (collateral kills)
  A deep troll (Vaults:1)
  An orb spider (Spider:4)
  A harpy (Vaults:1)
  A cane toad (Lair:5)
  A demonic crawler (Spider:4)
  A blink frog (Lair:5)
  A redback (Spider:4)
  A tarantella (Spider:4)
  An orc warrior (D:11)
  An ice beast (D:7)
  2 wolves (IceCv)
  A bullfrog (D:7)
  An orc wizard (Orc:2)
  4 orcs (Orc:2)
  273 ballistomycete spores
291 creatures vanquished.

Vanquished Creatures (others)
  A wizard (Vaults:1)
  A swamp drake (Swamp:1)
  A boggart (D:15)
  An orc wizard (Orc:2)
  A river rat (Lair:2)
  21 ballistomycete spores
  6 foxfires (Swamp:2)
  52 fungi
  103 plants
187 creatures vanquished.

Grand Total: 1429 creatures vanquished

Notes
Turn   | Place    | Note
-------+----------+-------------------------------------------
     0 | D:1      | dolemite99 the Hill Orc Fighter began the quest for the
                  | Orb.
     0 | D:1      | Reached XP level 1. HP: 19/19 MP: 1/1
   100 | D:1      | Reached skill level 3 in Axes
   124 | D:1      | Reached XP level 2. HP: 24/26 MP: 2/2
   181 | D:1      | Reached skill level 4 in Axes
   416 | D:1      | Found a faded altar of an unknown god.
   419 | D:1      | Became a worshipper of Fedhas Madash
   419 | D:1      | Reached * piety under Fedhas
   458 | D:1      | Reached XP level 3. HP: 27/31 MP: 3/3
  1002 | D:2      | Reached skill level 5 in Axes
  1209 | D:2      | Reached ** piety under Fedhas
  1416 | D:2      | Found a glowing golden altar of the Shining One.
  1421 | D:2      | Reached XP level 4. HP: 38/39 MP: 0/4
  1548 | D:2      | Noticed Robin
  1563 | D:2      | Killed Robin
  1564 | D:2      | Reached skill level 6 in Axes
  1763 | D:2      | Noticed a necrophage
  1769 | D:2      | Killed a necrophage
  1770 | D:2      | Reached skill level 7 in Axes
  1770 | D:2      | Reached XP level 5. HP: 45/45 MP: 5/5
  2550 | D:3      | Reached skill level 8 in Axes
  2550 | D:3      | Reached XP level 6. HP: 36/51 MP: 6/6
  3397 | D:3      | Found a stormy altar of Qazlal.
  3663 | D:3      | Reached *** piety under Fedhas
  3876 | D:4      | Noticed Sigmund
  3890 | D:4      | Killed Sigmund
  3891 | D:4      | Reached skill level 9 in Axes
  3891 | D:4      | Reached XP level 7. HP: 19/57 MP: 7/7
  4104 | D:4      | Found a runed translucent gate.
  4104 | D:4      | Found a runed translucent gate.
  4104 | D:4      | Found a runed translucent gate.
  4105 | D:4      | Noticed Spectrina's ghost (weakling DjFE)
  4135 | D:4      | Found a staircase to the Ecumenical Temple.
  4270 | D:4      | Reached skill level 1 in Invocations
  4444 | D:4      | Noticed Eustachio
  4462 | D:4      | Killed Eustachio
  5113 | D:5      | Entered Level 5 of the Dungeon
  5134 | D:5      | Reached skill level 5 in Invocations
  5231 | D:5      | Reached XP level 8. HP: 61/64 MP: 12/12
  7003 | D:6      | Reached XP level 9. HP: 73/73 MP: 15/15
  7136 | D:6      | Reached skill level 5 in Fighting
  7230 | D:7      | Identified the +1 scale mail of Watchfulness {*Corrode
                  | Int+3 Stlth+}
  7341 | D:7      | Reached skill level 5 in Armour
  7424 | D:7      | Reached **** piety under Fedhas
  7781 | D:7      | Noticed Harold
  7789 | D:7      | Killed Harold
  9305 | D:8      | Noticed a two-headed ogre
  9313 | D:8      | Killed a two-headed ogre
  9314 | D:8      | Reached XP level 10. HP: 88/88 MP: 12/16
  9372 | D:8      | Reached skill level 5 in Crossbows
  9508 | D:8      | Found Vecwo's Jewellery Boutique.
  9822 | D:8      | Found a staircase to the Lair.
 11016 | D:9      | Reached skill level 10 in Axes
 11676 | D:10     | Entered Level 10 of the Dungeon
 11770 | D:10     | Identified the +10 trident of Greed {vorpal, Drain Fly rF+
                  | Str+5}
 11800 | D:10     | Reached skill level 1 in Polearms
 12393 | Lair:1   | Entered Level 1 of the Lair of Beasts
 12409 | Lair:1   | Noticed a cane toad
 12410 | Lair:1   | Reached skill level 5 in Polearms
 12412 | Lair:1   | Noticed a black mamba
 12414 | Lair:1   | Killed a cane toad
 12416 | Lair:1   | Killed a black mamba
 12417 | Lair:1   | Reached skill level 11 in Axes
 12417 | Lair:1   | Reached XP level 11. HP: 73/95 MP: 12/17
 12734 | Lair:1   | Reached skill level 12 in Axes
 12954 | Lair:1   | Reached skill level 13 in Axes
 14506 | Lair:1   | Reached skill level 1 in Evocations
 15220 | Lair:2   | Noticed an eight-headed hydra
 15228 | Lair:2   | Killed an eight-headed hydra
 15333 | Lair:2   | Reached XP level 12. HP: 69/106 MP: 18/18
 15338 | Lair:2   | Reached skill level 10 in Fighting
 15362 | Lair:2   | Reached skill level 14 in Axes
 16195 | Lair:2   | Noticed a four-headed hydra
 16205 | Lair:2   | Killed a four-headed hydra
 17183 | Lair:3   | Reached skill level 10 in Invocations
 18451 | Lair:4   | Found a hole to the Spider Nest.
 18771 | Lair:4   | Reached skill level 15 in Axes
 18992 | Lair:4   | Found a staircase to the Swamp.
 19208 | D:8      | Bought the ring "Niorhadgh" {rElec rPois rF+ Stlth+} for
                  | 552 gold pieces
 19576 | Lair:4   | Noticed a four-headed hydra
 20495 | Lair:5   | Reached XP level 13. HP: 107/115 MP: 21/21
 20972 | Lair:5   | Reached skill level 16 in Axes
 21894 | Lair:5   | Found a transporter.
 21905 | Lair:5   | Noticed Pinouros's ghost (journeyman DECj)
 21918 | Lair:5   | Found a transporter.
 22808 | D:11     | Reached skill level 10 in Armour
 24005 | D:11     | Found a runed translucent door.
 24007 | D:11     | Noticed Mels's ghost (journeyman DjCj)
 24007 | D:11     | Identified the +10 trident "Goblinbane" {venom, rF+ Dex+3}
 25104 | Lair:6   | Entered Level 6 of the Lair of Beasts
 25145 | Lair:6   | Found a staircase to the Slime Pits.
 25145 | Lair:6   | Found a viscous altar of Jiyva.
 25241 | Lair:6   | Reached XP level 14. HP: 24/125 MP: 10/22
 26001 | Lair:6   | Reached skill level 5 in Evocations
 27567 | Lair:6   | Found a large runed translucent door.
 27572 | Lair:6   | Found a large runed translucent door.
 29276 | D:11     | Found a staircase to the Orcish Mines.
 29866 | D:12     | Reached skill level 17 in Axes
 30852 | Orc:1    | Entered Level 1 of the Orcish Mines
 31230 | Orc:1    | Noticed Josephine
 31235 | Orc:1    | Killed Josephine
 31355 | Orc:2    | Entered Level 2 of the Orcish Mines
 31355 | Orc:2    | Found a radiant altar of Vehumet.
 32487 | Orc:2    | Noticed an orc warlord
 32503 | Orc:2    | Killed an orc warlord
 32507 | Orc:2    | Paralysed by an orc sorcerer for 6 turns
 32916 | Orc:2    | Reached XP level 15. HP: 134/134 MP: 24/24
 32941 | Orc:2    | Found a roughly hewn altar of Beogh.
 32959 | Orc:2    | Found Neyroow's Armour Boutique.
 33180 | Orc:2    | Reached skill level 10 in Crossbows
 33361 | Orc:2    | Found a staircase to the Elven Halls.
 33583 | Orc:2    | Found a roughly hewn altar of Beogh.
 33589 | Orc:2    | Found Ihoximnifee's Jewellery Emporium.
 33746 | D:8      | Bought an amulet of faith for 480 gold pieces
 34002 | Orc:2    | Found a roughly hewn altar of Beogh.
 34134 | Orc:2    | Found Emit's Antique Weapon Shop.
 34135 | Orc:2    | Found a roughly hewn altar of Beogh.
 34179 | Orc:2    | Found Luducumere's Antique Armour Boutique.
 35228 | D:13     | You fall into a shaft and drop 2 floors!
 35228 | D:15     | Entered Level 15 of the Dungeon
 35243 | D:15     | Found a frozen archway.
 35255 | IceCv    | Entered an ice cave
 36157 | IceCv    | Noticed a frost giant
 36177 | IceCv    | Killed a frost giant
 36353 | IceCv    | Identified the +10 halberd of Kevotsuf {flame, rF+ rN+
                  | Str-3}
 36777 | D:14     | Identified the +2 helmet "Pyscheok" {rElec rF- Int+2}
 40542 | D:15     | Found a staircase to the Depths.
 40916 | D:15     | Found Falor's Antique Weapon Shop.
 41733 | D:13     | Found a gate to the Vaults.
 41779 | D:13     | Reached XP level 16. HP: 94/147 MP: 23/25
 42437 | D:13     | Reached skill level 15 in Fighting
 42581 | D:13     | Noticed Snorg
 42714 | D:13     | Killed Snorg
 43237 | Spider:1 | Entered Level 1 of the Spider Nest
 46399 | Spider:2 | Noticed Arachne
 46429 | Spider:2 | Killed Arachne
 46996 | Spider:2 | Noticed Nikola
 47008 | Spider:2 | Killed Nikola
 47392 | Spider:3 | Reached skill level 18 in Axes
 47507 | Spider:3 | Identified the +5 scimitar "Riklit" {freeze, rC+ Int+3}
 47671 | Spider:3 | Reached skill level 19 in Axes
 48107 | Spider:2 | Upgraded the game from 0.27-a0-1147-gb3d8e82157 to
                  | 0.27-a0-1149-g4505690ab0
 49009 | Swamp:1  | Entered Level 1 of the Swamp
 49206 | Lair:4   | Reached XP level 17. HP: 104/161 MP: 26/26
 51239 | Swamp:1  | Reached ***** piety under Fedhas
 52034 | Swamp:2  | Noticed a tentacled monstrosity
 52048 | Swamp:2  | Killed a tentacled monstrosity
 53642 | Swamp:2  | Found the +2 shield of Resistance {rF++ rC++ Will++}
 54173 | Orc:2    | Bought a glowing hand crossbow for 169 gold pieces
 54526 | Spider:4 | Entered Level 4 of the Spider Nest
 55529 | Spider:3 | Reached skill level 5 in Shields
 59610 | Spider:4 | Reached skill level 10 in Shields
 59610 | Spider:4 | Reached XP level 18. HP: 171/171 MP: 25/27
 59996 | Spider:4 | Got a gossamer rune of Zot
 60299 | Vaults:1 | Entered Level 1 of the Vaults
 61876 | Vaults:1 | HP: 8/170 [yaktaur/bolt[a yaktaur captain] (20)]
 61883 | Vaults:1 | Slain by a yaktaur

Illustrated notes

Levels and vault maps discovered:
D:1:      lightli_arrival_statue_moat, layout_loops_cross,
          hellmonk_ecumenical_altar_inner_sanctum
D:2:      cheibrodos_helix_gallery, layout_basic, basic_altar,
          chequers_serial_rivers_large_a, uniq_robin
D:3:      layout_basic, nicolae_overflow_crystal_walls
D:4:      layout_loops_ring, minmay_temple_entry_butterflies,
          gammafunk_ghost_nasty_kobolds, uniq_eustachio, uniq_sigmund
D:5:      layout_loops_ring, minmay_misc_feat_secret_circle
D:6:      layout_loops_ring
D:7:      layout_loops_corners, minivault_26, minmay_misc_feat_alley,
          hangedman_abyss_or_decor_passed, serial_bayou_lagoon_a, uniq_harold
D:8:      layout_cave_pools, david_lair_shrubbed, serial_shops,
          nicolae_shop_trees
D:9:      layout_small_grid
D:10:     layout_basic, uniq_psyche
D:11:     kennysheep_blocky_hall, layout_stronghold, david_orc_4,
          ebering_ghost_funeral_grove
D:12:     layout_rooms
D:13:     layout_cave_pools, skrybe_vaults_entry_preservation, kennysheep_nub,
          grunt_decor_arrowhead, uniq_snorg
D:14:     layout_big_octagon, palyth_stone_intersect, chequers_arboretum
D:15:     grunt_enter_depths_hoard, layout_basic,
          chequers_serial_rivers_small_b, portal_ice_cave_entry_pillars_1,
          serial_shops, shop_fountains
Lair:1:   layout_roguey
Lair:2:   layout_small_grid, beast_lair_carwin_3, wad_woods_river_01,
          grunt_megastairs_4
Lair:3:   layout_regular_city, beast_lair_carwin_1
Lair:4:   layout_cave_pods, minmay_swamp_entry_worms,
          spider_nest_entry_web_field, kilobyte_rumbling_trees
Lair:5:   cheibrodos_lair_river_kwai, layout_hall_layers, gammafunk_ghost_arena
Lair:6:   cheibrodos_lair_end_hotspot, layout_long_grid, slime_altar_1,
          infiniplex_staircase_pool_2
Swamp:1:  layout_basic_swamp, evilmike_swamp_ruin_house_4, swamp_pool2,
          st_swamp_ruins_4, infiniplex_staircase_pool
Swamp:2:  nicolae_swamp_ascending_descending_big, layout_falls_marsh,
          evilmike_swamp_ruin_house_2
Spider:1: layout_chambers
Spider:2: layout_spider_delve, uniq_arachne, uniq_nikola
Spider:3: layout_spider_delve, nicolae_spider_swamp_cousins
Spider:4: guppyfry_spider_rune, hangedman_spider_tarantella_strand
Orc:1:    layout_diamond_mine, uniq_josephine
Orc:2:    grunt_orc_community_town_hall, layout_caves,
          grunt_orc_community_big_house_2, grunt_orc_community_big_house_1,
          grunt_orc_community_house_2, grunt_orc_community_house_3,
          grunt_orc_community_house_1, grunt_orc_community_house_1, basic_altar
Vaults:1: vaults_room_hallway, v_misc_8, v_misc_19, ontoclasm_vaults_idyll,
          vaults_dpeg_encased_lava, hangedman_vaults_nails,
          nicolae_vaults_mini_display_case, v_misc_3, vaults_mumra_hexcomb,
          vaults_room_hangedman_quadrants, v_pattern_2, hangedman_vaults_slice,
          nicolae_vaults_theta, nicolae_vaults_little_squares_6,
          ontoclasm_vaults_misaligned, vaults_mumra_lcd,
          layout_vaults_maze_bifur, portal_desolation_entry_holy_temple

Skill      XL: |  1  2  3  4  5  6  7  8  9 10 11 12 13 14 15 16 17 18 |
---------------+-------------------------------------------------------+-----
Axes           | 3 4 5 7 8 9 11 13 15 16 17 19 | 19.7
Invocations    | 6 8 11 13 | 13.2
Shields        | 4 10 12 | 12.4
Fighting       | 4 7 8 9 10 11 12 14 17 | 17.8
Armour         | 4 7 8 9 10 12 | 12.9
Crossbows      | 4 5 9 11 | 11.5
Polearms       | 5 |  5.0
Evocations     | 4 7 |  7.3

Action                   |  1- 3 |  4- 6 |  7- 9 | 10-12 | 13-15 | 16-18 || total
-------------------------+-------+-------+-------+-------+-------+-------++-------
Melee: Dagger            |   100 |       |       |       |       |       ||   100
       War axe           |    35 |   137 |   209 |   264 |    25 |       ||   670
       Battleaxe         |       |       |       |       |   352 |   333 ||   685
       Arbalest          |       |       |       |       |     1 |       ||     1
       Broad axe         |       |       |       |       |       |   268 ||   268
 Fire: Hand crossbow     |       |       |    10 |   275 |   107 |   253 ||   645
       Arbalest          |       |       |       |       |   586 |   244 ||   830
Throw: Stone             |     7 |    21 |     9 |     7 |     9 |     6 ||    59
       Throwing net      |       |       |       |       |       |     1 ||     1
Invok: Wall of Briars    |     1 |       |     1 |     1 |    15 |     6 ||    24
       Grow Ballistomyce |       |       |     2 |    19 |    43 |    31 ||    95
       Overgrow          |       |       |     1 |     1 |       |     2 ||     4
Evoke: Lightning rod     |       |       |       |     3 |    15 |    15 ||    33
       Wand              |       |       |       |    18 |    19 |     6 ||    43
       Phantom mirror    |       |       |       |       |       |     3 ||     3
  Use: Potion            |       |     2 |     6 |     2 |     4 |    22 ||    36
       Scroll            |       |       |     3 |    21 |    16 |    12 ||    52
 Stab: Confused          |       |       |     1 |     3 |     1 |     1 ||     6
       Invisible         |       |       |       |       |       |     2 ||     2
       Held in net/web   |       |       |       |       |       |     1 ||     1
Armor: Scale mail        |    35 |    64 |    30 |       |       |       ||   129
       Plate armour      |       |       |   113 |   193 |   494 |   894 ||  1694
Dodge: Dodged            |    44 |    44 |    58 |   138 |   398 |   530 ||  1212
Block: Kite shield       |    71 |    74 |   107 |   235 |    35 |   317 ||   839

Table legend: (Time is in decaauts)
 A = Elapsed time spent in this place.
 B = Non-inter-level travel time spent in this place.
 C = Inter-level travel time spent in this place.
 D = Time resting spent in this place.
 E = Time spent auto-exploring this place.
 F = Levels seen in this place.
 G = Mean time per level.
                   A        B        C        D        E       F      G
               +--------+--------+--------+--------+--------+-----+--------+
         Total |  62598 |  57906 |   4692 |  25703 |  22771 |  31 | 2019.3 |
       Dungeon |  25982 |  23551 |   2431 |   8861 |  10741 |  15 | 1732.1 |
          Lair |  14861 |  13585 |   1276 |   6179 |   5428 |   6 | 2476.8 |
         Swamp |   4033 |   3885 |    148 |   1859 |   1437 |   2 | 2016.5 |
   Spider Nest |  11144 |  10819 |    325 |   6723 |   2556 |   4 | 2786.0 |
  Orcish Mines |   3755 |   3244 |    511 |   1373 |   1248 |   2 | 1877.5 |
        Vaults |   1565 |   1565 |      0 |    316 |    897 |   1 | 1565.0 |
      Ice Cave |   1257 |   1257 |      0 |    390 |    462 |   1 | 1257.0 |
               +--------+--------+--------+--------+--------+-----+--------+

Top non-repeatable levels by time:
Spider:3: 3924 daAuts
    D:11: 3537 daAuts
  Lair:4: 3185 daAuts
Spider:1: 3026 daAuts
  Lair:6: 2933 daAuts
    D:14: 2812 daAuts
    D:13: 2799 daAuts
  Lair:1: 2576 daAuts
  Lair:2: 2446 daAuts
   Orc:2: 2438 daAuts
  Lair:5: 2375 daAuts
Spider:4: 2269 daAuts
 Swamp:1: 2153 daAuts
     D:7: 2005 daAuts
Spider:2: 1924 daAuts
